 Dungeon Crawl Stone Soup version 0.22-a0-348-gd16d139 (webtiles) character file.

4904 KristoblXynda the Basher (level 10, -12/84 HPs)
             Began as a Pale Draconian Warper on Apr 8, 2018.
             Was an Initiate of Gozag.
             Mangled by a white ugly thing (28 damage)
             ... on level 9 of the Dungeon.
             The game lasted 00:18:04 (9906 turns).

KristoblXynda the Basher (Pale Draconian Warper)    Turns: 9906, Time: 00:18:05

Health: -12/84     AC:  9    Str: 16    XL:     10   Next: 27%
Magic:  16/16      EV: 22    Int: 17    God:    Gozag
Gold:   1205       SH:  0    Dex: 15    Spells: 15/17 levels left

rFire    . . .     SeeInvis +   A - +11 morningstar of Inenoj {crush, rPois Str-4 SInv}
rCold    . . .     Gourm    .   (no shield)
rNeg     . . .     Faith    .   (armour unavailable)
rPois    +         Spirit   .   (helmet restricted)
rElec    .         Reflect  .   u - +0 cloak
rCorr    .         Harm     .   m - +0 pair of gloves
MR       .....                  (no boots)
Stlth    ++........             (no amulet)
HPRegen  0.24/turn              e - +6 ring of strength
MPRegen  0.15/turn              o - +3 ring of slaying

@: agile, short of breath, gold aura, slowed, very slow
A: breathe steam, unfitting armour, cold-blooded, AC +7
a: Breathe Steam, Potion Petition, Call Merchant, Bribe Branch, Renounce
Religion


You were on level 9 of the Dungeon.
You worshipped Gozag.
Gozag was most pleased with you.
You were not hungry.

You visited 2 branches of the dungeon, and saw 10 of its levels.

You collected 1711 gold pieces.
You spent 474 gold pieces at shops.
You paid 32 gold pieces to Gozag.

Inventory:

Hand Weapons
 y - a +3 flail of holy wrath
 A - the +11 morningstar of Inenoj (weapon) {crush, rPois Str-4 SInv}
   (You bought it in a shop on level 5 of the Dungeon)

   It inflicts extra damage upon your enemies.
   It affects your strength (-4).
   It protects you from poison.
   It lets you see invisible.
Missiles
 b - 16 tomahawks (quivered)
 z - 2 exploding tomahawks
 F - a throwing net
Armour
 m - a +0 pair of gloves (worn)
 u - a +0 cloak (worn)
Magical Staves
 t - an uncursed staff of power
Jewellery
 e - a +6 ring of strength (left hand)
 l - an uncursed ring of flight
 o - a +3 ring of slaying (right hand)
 v - an uncursed ring of poison resistance
Wands
 d - a wand of digging (4)
 C - a wand of acid (6)
Scrolls
 c - 2 scrolls of blinking
 g - a scroll of silence {unknown}
 h - a scroll of fog {unknown}
 i - 4 scrolls of remove curse
 q - a scroll of fear
 w - 7 scrolls of teleportation
 B - a scroll of noise
Potions
 a - 4 potions of berserk rage
 j - 5 potions of curing
 n - 3 potions of magic
 p - a potion of flight
 s - a potion of cancellation
 D - a potion of heal wounds {unknown}
 E - a potion of lignification
Comestibles
 f - 9 rations


   Skills:
 + Level 6.3 Fighting
 * Level 11.0 Maces & Flails
 - Level 2.1 Throwing
 + Level 7.3 Dodging
 - Level 4.2 Spellcasting
 - Level 3.0 Translocations


You had 15 spell levels left.
You knew the following spells:

 Your Spells              Type           Power        Failure   Level  Hunger
a - Blink                 Tloc           N/A          7%          2    ##.....


Dungeon Overview and Level Annotations

Branches:
Dungeon (9/15)             Temple (1/1) D:7
   Lair: D:8-11         Orc: D:9-12

Altars:
Ashenzari
Cheibriados
Dithmenos
Elyvilon
Fedhas
Gozag
Hepliaklqana
Kikubaaqudgha
Nemelex Xobeh
Okawaru
Qazlal
Sif Muna
Trog
Uskayaw
Vehumet
Wu Jian
Xom
Yredelemnul
Zin
The Shining One

Shops:
D:5 *   D:6 *


Innate Abilities, Weirdness & Mutations

You can breathe blasts of scalding, opaque steam.
Your pale cyan-grey scales are hard. (AC +7)
You cannot fit into any form of body armour.
You are cold-blooded and may be slowed by cold attacks.


Message History

The white ugly thing is engulfed in a cloud of scalding steam.
The white ugly thing misses you.
The bullfrog is engulfed in a cloud of scalding steam.
You kill the bullfrog!
You impale the white ugly thing!!
You tail-slap the white ugly thing, but do no damage.
The white ugly thing is severely wounded.
The troll is no longer distracted by gold.
The hungry ghost is no longer distracted by gold.
The white ugly thing is engulfed in a cloud of scalding steam.
The white ugly thing gores you. The white ugly thing freezes you!!
* * * LOW HITPOINT WARNING * * *
A jelly comes into view.
You feel better.
The white ugly thing is engulfed in a cloud of scalding steam.
The white ugly thing gores you!
* * * LOW HITPOINT WARNING * * *
The white ugly thing freezes you!!
You feel yourself slow down.
You die...
Your body crumbles into a pile of gold.

#...##..# +
##.##..##
###..##
#####.#####
#
#.........#
.#
#.#.#####.#
.# #.......#
.#
#.###.#(##J#
#.#.@u#
#.#.##T#
..#.# .#
#.#.# .#
....# .#
##### #


You could see a white ugly thing, a troll and a jelly.

Vanquished Creatures
  A centaur warrior (D:9)
  A two-headed ogre (D:8)
  Edmund (D:5)
  An ice beast (D:8)
  2 sky beasts
  2 orc warriors (D:7)
  A phantom (D:5)
  4 ogres
  4 centaurs
  A crocodile (D:7)
  A big kobold (D:8)
  A gnoll sergeant (D:7)
  6 bullfrogs
  A water moccasin zombie (D:7)
  3 killer bees (D:7)
  A howler monkey (D:4)
  5 crimson imps
  2 hounds (D:4)
  A centaur zombie (D:5)
  A quasit (D:8)
  4 orc priests
  A bullfrog skeleton (D:2)
  A centaur skeleton (D:6)
  10 orc wizards
  An iguana (D:6)
  10 worker ants
  2 hound zombies (D:5)
  14 adders
  10 gnolls
  4 shadow imps
  An ooze (D:4)
  2 adder skeletons
  2 adder zombies
  5 worms
  11 dart slugs
  2 leopard geckos
  32 orcs
  2 giant cockroaches
  9 goblins
  8 hobgoblins
  17 jackals
  7 quokkas
  3 ball pythons
  5 bats
  6 frilled lizards
  A jackal skeleton (D:4)
  A jackal zombie (D:6)
  14 kobolds
  9 rats
234 creatures vanquished.

Notes
Turn   | Place    | Note
-------+----------+-------------------------------------------
     0 | D:1      | KristoblXynda the Draconian Warper began the quest for the Orb.
     0 | D:1      | Reached XP level 1. HP: 17/17 MP: 3/3
    91 | D:1      | Reached skill level 1 in Throwing
   155 | D:1      | Reached XP level 2. HP: 21/24 MP: 5/5
   551 | D:2      | HP: 1/24 [ball python (1)]
   586 | D:2      | Reached XP level 3. HP: 5/29 MP: 6/6
   956 | D:2      | Learned a level 2 spell: Blink
  1010 | D:2      | Reached skill level 3 in Maces & Flails
  1124 | D:2      | Reached XP level 4. HP: 10/36 MP: 7/7
  1583 | D:2      | Found a hazy altar of Hepliaklqana.
  1588 | D:2      | Found a shattered altar of Ashenzari.
  1588 | D:2      | Found a radiant altar of Vehumet.
  1930 | D:3      | Found an opulent altar of Gozag.
  1983 | D:3      | Became a worshipper of Gozag Ym Sagoz the Greedy
  2015 | D:3      | Reached skill level 4 in Maces & Flails
  2016 | D:3      | Reached XP level 5. HP: 40/41 MP: 8/8
  2115 | D:3      | Found a stormy altar of Qazlal.
  2823 | D:3      | Reached skill level 5 in Maces & Flails
  2823 | D:3      | Reached XP level 6. HP: 26/48 MP: 9/9
  3100 | D:3      | Found a blossoming altar of Fedhas.
  3101 | D:3      | Found an ancient bone altar of Kikubaaqudgha.
  3616 | D:4      | Found a hide-covered altar of Uskayaw.
  4018 | D:4      | Your scales start taking on a pale cyan-grey colour.
  4018 | D:4      | Reached XP level 7. HP: 38/55 MP: 9/11
  4059 | D:4      | Reached skill level 6 in Maces & Flails
  4572 | D:5      | Entered Level 5 of the Dungeon
  5046 | D:5      | Noticed Edmund
  5063 | D:5      | Killed Edmund
  5472 | D:5      | Reached skill level 7 in Maces & Flails
  5472 | D:5      | Reached XP level 8. HP: 44/61 MP: 13/13
  5687 | D:5      | Found Seatoo's Assorted Antiques.
  5690 | D:5      | Bought an ancient morningstar for 234 gold pieces
  5690 | D:5      | Identified the +11 morningstar of Inenoj {crush, rPois Str-4 SInv} (You bought it in a shop on level 5 of the Dungeon)
  6058 | D:6      | Reached skill level 5 in Dodging
  6518 | D:6      | Found Tiboh's Serpentskin Sales.
  6535 | D:6      | Bought an uncursed ring of poison resistance for 240 gold pieces
  7275 | D:7      | Reached skill level 8 in Maces & Flails
  7686 | D:7      | Reached XP level 9. HP: 66/70 MP: 15/15
  7795 | D:7      | Found a staircase to the Ecumenical Temple.
  7809 | D:7      | Reached skill level 9 in Maces & Flails
  8029 | Temple   | Entered the Ecumenical Temple
  8672 | D:7      | Found a deep blue altar of Sif Muna.
  8895 | D:8      | Found a glowing silver altar of Zin.
  9260 | D:8      | Reached skill level 5 in Fighting
  9540 | D:8      | Reached skill level 10 in Maces & Flails
  9597 | D:8      | Noticed a two-headed ogre
  9602 | D:8      | Killed a two-headed ogre
  9838 | D:9      | Reached XP level 10. HP: 79/83 MP: 16/16
  9896 | D:9      | Noticed a centaur warrior
  9898 | D:9      | Noticed a white ugly thing
  9902 | D:9      | Killed a centaur warrior
  9902 | D:9      | Reached skill level 11 in Maces & Flails
  9906 | D:9      | Mangled by a white ugly thing

Vault maps used:
D:1:      minmay_arrival_arboretum_small
D:2:      grunt_temple_overflow_open
D:3:      nicolae_gozag_cash_rules_everything_around_me,
          nicolae_overflow_crystal_walls, grunt_temple_overflow_growth_and_decay
D:4:      kennysheep_slugbush, eat_drink_and_be_merry_uskayaw, first_ration,
          serial_bayou_crossing
D:5:      serial_shops, kennysheep_mini_moat, kennysheep_doodads, uniq_edmund
D:6:      minmay_misc_feat_encased, nicolae_lava_and_water, guppyfry_shop_venom
D:7:      kennysheep_little_box, minmay_temple_entry_statues
D:8:      zin_treasury
D:9:      minmay_the_grid_4x2, lemuel_crystal_altar,
          nicolae_ru_sacrificial_ziggurat, orc_0_dummy, serial_shops,
          shop_statue
Temple:   dpeg_chambers_temple

Skill      XL: |  1  2  3  4  5  6  7  8  9 10 |
---------------+-------------------------------+-----
Throwing       | 1 2 |  2.1
Maces & Flails | 3 4 5 7 8 10 11 | 11.0
Dodging        | 3 4 5 7 |  7.3
Spellcasting   | 3 4 |  4.2
Fighting       | 3 5 6 |  6.3
Translocations | |  3.0

Action                   |  1- 3 |  4- 6 |  7- 9 | 10-12 || total
-------------------------+-------+-------+-------+-------++-------
Melee: Mace              |   128 |    79 |       |       ||   207
       Tailslap          |    14 |    25 |    22 |     2 ||    63
       Flail             |       |   203 |   126 |       ||   329
       Morningstar       |       |       |   133 |    19 ||   152
Throw: Tomahawk          |    11 |       |     1 |       ||    12
 Abil: Breathe Steam     |       |       |    11 |     1 ||    12
Evoke: Wand              |       |       |     2 |       ||     2
  Use: Potion            |     2 |     1 |       |     2 ||     5
       Scroll            |       |     1 |    11 |       ||    12
 Stab: Sleeping          |       |     1 |       |       ||     1
       Distracted        |       |       |     1 |       ||     1
  Eat: Chunk             |     1 |     3 |       |       ||     4
       Ration            |       |     2 |     6 |       ||     8
Armor: Skin              |    58 |    79 |    60 |     2 ||   199
Dodge: Dodged            |   141 |   206 |   170 |    13 ||   530

Table legend:
 A = Spawn XP
 B = Non-spawn XP
 C = Spawn XP percentage of total XP
 D = Spawn monster count
 E = Non-spawn monster count
 F = Spawn count percentage of total count
 G = Total turns spent on level
                    A         B        C        D         E        F      G
               +---------+---------+-------+---------+---------+-------+---------
         Total |       0 |    7006 |   0.0 |       0 |     234 |   0.0 |  9906
               +---------+---------+-------+---------+---------+-------+---------
           D:1 |       0 |      36 |   0.0 |       0 |      20 |   0.0 |   526
           D:2 |       0 |     142 |   0.0 |       0 |      29 |   0.0 |  1299
           D:3 |       0 |     280 |   0.0 |       0 |      46 |   0.0 |  1445
           D:4 |       0 |     451 |   0.0 |       0 |      34 |   0.0 |  1302
           D:5 |       0 |     651 |   0.0 |       0 |      12 |   0.0 |  1305
           D:6 |       0 |     513 |   0.0 |       0 |      20 |   0.0 |  1386
           D:7 |       0 |    1788 |   0.0 |       0 |      39 |   0.0 |  1242
           D:8 |       0 |    1666 |   0.0 |       0 |      24 |   0.0 |  1110
           D:9 |       0 |    1479 |   0.0 |       0 |      10 |   0.0 |    86
               +---------+---------+-------+---------+---------+-------+---------
